 Dungeon Crawl Stone Soup version 0.28-a0-563-gf77a47075d (webtiles) character file.

Game seed: 16348914096979620372

67 robertstho the Magician (level 4, 0/32 HPs)
             Began as a Djinni Fire Elementalist on Sept 29, 2021.
             Hit by a goblin thrown by Robin (2 damage)
             ... on level 3 of the Dungeon.
             The game lasted 00:03:39 (3186 turns).

robertstho the Magician (Djinni Fire Elementalist)  Turns: 3186, Time: 00:03:40

Health: 0/32       AC:  2    Str:  7    XL:     4   Next: 38%
Gold:   60         EV: 12    Int: 18    God:
                   SH:  0    Dex: 13

rFire   + + .      SeeInvis .   i - +1 dagger (speed)
rCold   x . .      Faith    .   (no shield)
rNeg    . . .      Spirit   .   a - +0 robe
rPois   ∞          Reflect  .   (no helmet)
rElec   .          Harm     .   (no cloak)
rCorr   .          Rampage  .   (no gloves)
Will    .....                   (boots unavailable)
Stlth   ++........              (no amulet)
HPRegen 0.10/turn               (no ring)
MPRegen 0.00/turn               (no ring)

@: flying, hasted, very quick
A: sickness immunity, fire resistance 2, cold vulnerability 1, float, innate
caster, hp casting, extra vitality 1
a: no special abilities


You were on level 3 of the Dungeon.
You visited 1 branch of the dungeon, and saw 3 of its levels.

You collected 60 gold pieces.

Inventory:

Hand Weapons
 h - a +0 short sword
 i - a +1 dagger of speed (weapon)
Missiles
 b - 54 stones
Armour
 a - a +0 robe (worn)
Scrolls
 f - a scroll of noise {unknown}
 k - a scroll of silence
 l - a scroll of amnesia {unknown}
 m - 3 scrolls of teleportation
Potions
 c - a potion of berserk rage {unknown}
 d - a potion of heal wounds {unknown}
 e - a potion of lignification {unknown}
 g - a potion of might {unknown}


   Skills:
 * Level 1.0 Fighting
 + Level 2.5 Dodging
 + Level 1.6 Stealth
 * Level 3.5 Spellcasting


You couldn't memorise any spells.
You knew the following spells:

 Your Spells              Type           Power      Damage    Failure   Level
a - Foxfire               Conj/Fire      60%        2x1d7     3%          1
b - Scorch                Fire           30%        2d6       5%          2
c - Conjure Flame         Conj/Fire      15%        6-21      11%         3
d - Inner Flame           Hex/Fire       15%        N/A       11%         3
e - Flame Wave            Conj/Fire      15%        3d5       36%         4
f - Pain                  Necr           60%        1d7       3%          1
Your spell library was empty.

Dungeon Overview and Level Annotations

Branches:
Dungeon (3/15)

Altars:

Annotations:
D:3 Robin


Innate Abilities, Weirdness & Mutations

You are immune to sickness and miasma.
You are immune to poison.
Your flesh is very heat resistant. (rF++)
You are vulnerable to cold. (rC-)
You float through the air rather than walking.
You learn spells naturally, not from books.
Your magical power is your life essence.
You have superior vitality. (+4 HP)


Message History

Robin hits you with a +0 dagger.
* * * LOW HITPOINT WARNING * * *
It was a potion of haste.
You feel yourself speed up. The hobgoblin hits you.
* * * LOW HITPOINT WARNING * * *
Robin misses you.
Robin is no longer more vulnerable to fire.
The goblin no longer looks unusually strong.
Robin roars a battlecry!
The goblin goes into a battle-frenzy!
As you open the door, it creaks loudly! Robin throws the goblin at you!
There is an open door here.
You hit the goblin.
The goblin is heavily wounded.
The goblin no longer looks unusually strong.
A hobgoblin comes into view.
Casting: Scorch (safe; 5% risk of failure)
Confirm with . or Enter, or press ? or * to list all spells.
Aiming: Pain (safe; 3% risk of failure)
Press: ? - help, Shift-Dir - straight line, f - goblin
Aim: a goblin, wielding a +0 dagger (heavily wounded, chance to affect: 85%)
The goblin writhes in agony.
You kill the goblin!
* * * LOW HITPOINT WARNING * * *
The hobgoblin no longer looks unusually strong.
Robin throws the goblin at you!
You closely miss the goblin.
A goblin comes into view. It is wielding a +0 club.
The hobgoblin hits you.
* * * LOW HITPOINT WARNING * * *
The goblin hits you with a +0 dagger.
* * * LOW HITPOINT WARNING * * *
Robin roars a battlecry!
The goblins go into a battle-frenzy!
The goblin shouts!
Unknown command.
Robin roars a battlecry!
The goblin goes into a battle-frenzy!
Robin throws the goblin at you!
You die...

#.######## #.#......#
#.#......# #.#......#
#.#......######
#.#...........#
###.#.........(.#######
#..>....(.......#.....#######
###.......[.@g..+.....'..gg.g
#######.......#.....)######
######..##......#
###g##..g...# #...g#..g...#
#(..g#...g..# #.......g...#
#####g####'## #..# #)#


You could see Robin, 2 hobgoblins and 2 goblins.

Vanquished Creatures
  An adder (D:2)
  3 dart slugs (D:1)
  A worm (D:2)
  5 ball pythons
  A bat (D:2)
  4 endoplasms (D:1)
  2 giant cockroaches (D:1)
  9 goblins
  4 hobgoblins
  2 jackals (D:1)
  4 kobolds (D:1)
  A quokka (D:2)
  A frilled lizard (D:1)
  7 rats
45 creatures vanquished.

Vanquished Creatures (others)
  114 foxfires
114 creatures vanquished.

Grand Total: 159 creatures vanquished

Notes
Turn   | Place    | Note
-------+----------+-------------------------------------------
     0 | D:1      | robertstho the Djinni Fire Elementalist began the quest for
                  | the Orb.
     0 | D:1      | Reached XP level 1. HP: 15/15 MP: 0/0
   268 | D:1      | Reached XP level 2. HP: 16/22 MP: 0/0
   751 | D:1      | Reached XP level 3. HP: 19/26 MP: 0/0
   751 | D:1      | Learned a level 1 spell: Pain
   786 | D:1      | Reached skill level 3 in Spellcasting
  1533 | D:1      | Found a faded altar of an unknown god.
  1551 | D:1      | Found a faded altar of an unknown god.
  1972 | D:2      | Reached XP level 4. HP: 20/31 MP: 0/0
  2124 | D:2      | Reached skill level 1 in Fighting
  3146 | D:3      | Noticed Robin
  3174 | D:3      | HP: 1/32 [goblin[Robin] (2)]
  3186 | D:3      | Hit by a goblin thrown by Robin

Illustrated notes

Levels and vault maps discovered:
D:1:      minmay_arrival_shattered_statue, layout_basic,
          hellmonk_ecumenical_altar_the_god_not_taken
D:2:      layout_basic, chequers_serial_rivers_room_a
D:3:      minmay_spotlight, layout_basic,
          grunt_temple_overflow_growth_and_decay, cheibrodos_sewer_entry_drain,
          uniq_robin, uniq_sigmund

Skill      XL: |  1  2  3  4 |
---------------+-------------+-----
Spellcasting   | 3 |  3.5
Fighting       | 1 |  1.0
Dodging        | |  2.5
Stealth        | |  1.6

Action                   |  1- 3 |  4- 6 || total
-------------------------+-------+-------++-------
Melee: Dagger            |       |     6 ||     6
       Short sword       |       |     2 ||     2
 Cast: Foxfire           |    67 |       ||    67
       Scorch            |     6 |    15 ||    21
       Pain              |       |     4 ||     4
  Use: Scroll            |     3 |       ||     3
       Potion            |       |     1 ||     1
Armor: Robe              |     1 |     5 ||     6
Dodge: Dodged            |     7 |    13 ||    20

Table legend: (Time is in decaauts)
 A = Elapsed time spent in this place.
 B = Non-inter-level travel time spent in this place.
 C = Inter-level travel time spent in this place.
 D = Time resting spent in this place.
 E = Time spent auto-exploring this place.
 F = Levels seen in this place.
 G = Mean time per level.
                   A        B        C        D        E       F      G
               +--------+--------+--------+--------+--------+-----+--------+
         Total |   3177 |   3075 |    102 |    257 |   2556 |   3 | 1059.0 |
       Dungeon |   3177 |   3075 |    102 |    257 |   2556 |   3 | 1059.0 |
               +--------+--------+--------+--------+--------+-----+--------+

Top non-repeatable levels by time:
     D:1: 1953 daAuts
     D:2: 1127 daAuts
     D:3: 96 daAuts
